 Seeded DCSS version 0.30.1-11-g7821555f0a (webtiles) character file.

Game seed: 5 (custom seed)

46 Kazon the Chopper (level 3, -1/33 HPs)
             Began as a Hill Orc Monk on Nov 1, 2023.
             Slain by a frilled lizard (3 damage)
             ... on level 2 of the Dungeon.
             The game lasted 00:04:36 (1006 turns).

Kazon the Chopper (Hill Orc Monk)                   Turns: 1006, Time: 00:04:37

Health: -1/33      AC:  4    Str: 15    XL:     3   Next: 66%
Magic:  3/3        EV:  4    Int: 10    God:
Gold:   91         SH: 10    Dex: 13    Spells: 2/2 levels left

rFire   . . .        a - +0 hand axe
rCold   . . .        c - +0 tower shield
rNeg    . . .        l - +0 leather armour
rPois   .            k - +0 helmet
rElec   .            (no cloak)
rCorr   .            (no gloves)
SInv    .            (no boots)
Will    .....        (no amulet)
Stlth   +            (no ring)
HPRegen 0.25/turn    (no ring)
MPRegen 0.08/turn

%: no passive effects
@: constricted
A: no striking features
a: no special abilities


You were on level 2 of the Dungeon.
You visited 1 branch of the dungeon, and saw 2 of its levels.

You collected 91 gold pieces.

Inventory:

Hand Weapons
 a - a +0 hand axe (weapon)
Missiles
 b - a stone
 j - 3 boomerangs (quivered)
Armour
 c - a +0 tower shield (worn)
 d - an orb of light
 k - a +0 helmet (worn)
 l - a +0 leather armour (worn)
Scrolls
 e - a scroll of acquirement
 f - a scroll of fog {unknown}
Potions
 g - a potion of resistance {unknown}
 h - a potion of ambrosia
 i - 3 potions of curing {unknown}


   Skills:
 + Level 4.2 Fighting
 + Level 5.0 Axes
 + Level 0.1 Armour
 + Level 2.8 Dodging
 + Level 0.1 Stealth
 + Level 0.1 Shields


You had 2 spell levels left.
You didn't know any spells.
Your spell library was empty.

Dungeon Overview and Level Annotations

Branches:
Dungeon (2/15)

Altars:


Message History

You are frozen.
The ball python bites you but does no damage.
The ball python grabs you. The ball python constricts you.
You block the goblin's attack.
The endoplasm hits you but does no damage.
You block the frilled lizard's attack.
The ball python bites you but does no damage.
The ball python constricts you. The goblin hits you but does no damage.
The frilled lizard bites you but does no damage.
The endoplasm hits you but does no damage.
You block the ball python's attack. The ball python constricts you.
The goblin hits you with a +0 dagger. You block the endoplasm's attack.
The frilled lizard barely misses you.
The ball python bites you but does no damage.
The ball python constricts you. You block the ball python's attack.
The ball python constricts you. You block the goblin's attack.
The frilled lizard bites you.
* * * LOW HITPOINT WARNING * * *
The endoplasm freezes you.
You are frozen.
* * * LOW HITPOINT WARNING * * *
The ball python bites you.
* * * LOW HITPOINT WARNING * * *
The ball python constricts you. The goblin hits you but does no damage.
You block the frilled lizard's attack. You block the endoplasm's attack.
The ball python bites you but does no damage.
The ball python constricts you.
* * * LOW HITPOINT WARNING * * *
The kobold hits you with a +0 dagger.
* * * LOW HITPOINT WARNING * * *
The goblin hits you but does no damage. You block the endoplasm's attack.
You block the frilled lizard's attack.
The ball python bites you but does no damage.
The ball python constricts you.
Unknown command.
You block the kobold's attack. The goblin hits you but does no damage.
The frilled lizard bites you.
You die...

#####'..###
#######.#######
...............
#######.#######
.########.####
.............#
?......g.....###
......SlJ.......#
.......@g........
#.......K##...#.$
#.........#...# #
#.............#
#########.#...#
.....# ##.#.#
.#.#


You could see an endoplasm, a hobgoblin, a goblin, a ball python, a kobold and a
frilled lizard.

Vanquished Creatures
  An adder (D:2)
  2 bats (D:1)
  5 endoplasms (D:1)
  A giant cockroach (D:1)
  7 goblins
  A hobgoblin (D:1)
  7 jackals (D:1)
  A kobold (D:1)
  3 ball pythons
  A frilled lizard (D:1)
  A rat (D:1)
30 creatures vanquished.

Notes
Turn   | Place    | Note
-------+----------+-------------------------------------------
     0 | D:1      | Kazon the Hill Orc Monk began the quest for the Orb.
     0 | D:1      | Reached XP level 1. HP: 19/19 MP: 1/1
   101 | D:1      | Reached XP level 2. HP: 27/27 MP: 2/2
   470 | D:1      | Reached XP level 3. HP: 33/33 MP: 3/3
   956 | D:2      | Reached skill level 5 in Axes
   967 | D:2      | Identified a scroll of acquirement
  1006 | D:2      | Slain by a frilled lizard

Illustrated notes

Levels and vault maps discovered:
D:1:      ebering_trefoil_3fold, layout_basic, st_stairs_14, serial_bayou_ford_a
D:2:      layout_basic, hangedman_decor_growths, minmay_close_crescents

Skill      XL: |  1  2  3 |
---------------+----------+-----
Fighting       | 4 |  4.2
Axes           | 5 |  5.0
Armour         | |  0.1
Dodging        | |  2.8
Stealth        | |  0.1
Shields        | |  0.1

Action                     || total
---------------------------++-------
  Melee: Hand axe          ||   126
    Use: Potion            ||     1
         Scroll            ||     1
 Armour: Robe              ||    27
         Leather armour    ||    26
  Dodge: Dodged            ||    61
  Block: Tower shield      ||    62
